 Dungeon Crawl Stone Soup version 0.19-a0-559-ga3d69d0 (webtiles) character file.

60 hypermopl the Vandal (level 4, 0/29 HPs)
             Began as a Halfling Ice Elementalist on June 8, 2016.
             Slain by a gnoll (6 damage)
             ... on level 2 of the Dungeon.
             The game lasted 00:05:21 (2555 turns).

hypermopl the Vandal (Halfling Ice Elementalist)    Turns: 2555, Time: 00:05:22

Health: 0/29       AC:  2    Str:  8    XL:     4   Next: 25%
Magic:  2/6        EV: 15    Int: 14    God:
Gold:   142        SH:  0    Dex: 15    Spells: 1 memorised, 5 levels left

rFire  . . .     SeeInvis .     y - +0 whip (curse)
rCold  . . .     Gourm    .     m - +0 robe
rNeg   . . .     Faith    .     (shield restricted)
rPois  .         Spirit   .     (no helmet)
rElec  .         Dismiss  .     (no cloak)
rCorr  .         Reflect  .     (no gloves)
SustAt .         Harm     .     (no boots)
MR     .....                    x - amulet of rage
Stlth  ++........               (no ring)
                                (no ring)

@: not resistant to hostile enchantments, unstealthy
A: mutation resistance 1
a: Evoke Berserk Rage


You were on level 2 of the Dungeon.
You were hungry.

You visited 1 branch of the dungeon, and saw 3 of its levels.

You collected 142 gold pieces.

Inventory:

Hand Weapons
 a - a +3 hunting sling of velocity
 g - a +0 spear
 y - a cursed +0 whip (weapon)
Missiles
 e - 57 sling bullets
 f - 31 stones (quivered)
 r - 8 tomahawks
Armour
 m - a +0 robe (worn)
 t - a +0 ring mail
Jewellery
 k - an uncursed amulet of faith {!P}
 x - an amulet of rage (around neck)
Scrolls
 q - 2 scrolls of teleportation
Potions
 h - a potion of resistance
 n - a potion of curing
 o - a potion of invisibility
 v - a potion of berserk rage {unknown}
 w - a potion of cure mutation {!q}
Books
 b - a book of Frost

   Spells                             Type                      Level
   a - Freeze                         Ice                          1
   b - Throw Frost                    Conjuration/Ice              2
   c - Ozocubu's Armour               Charms/Ice                   3
   d - Throw Icicle                   Conjuration/Ice              4
   e - Summon Ice Beast               Ice/Summoning                4
Comestibles
 c - 3 bread rations
 d - 4 chunks of flesh
 s - a meat ration
 z - 5 fruits
 A - a beef jerky


   Skills:
 + Level 2.2 Fighting
 * Level 3.3 Slings
 - Level 2.1 Dodging
 - Level 2.1 Stealth
 - Level 1.5 Spellcasting
   Level 0.7 Conjurations
 - Level 3.0 Ice Magic


You had 5 spell levels left.
You knew the following spells:

 Your Spells              Type           Power        Failure   Level  Hunger
a - Freeze                Ice            #...         10%         1    ##.....


Dungeon Overview and Level Annotations

Branches:
Dungeon (3/15)

Altars:
Makhleb
Vehumet
Zin


Innate Abilities, Weirdness & Mutations

You are small and have problems with some larger weapons.
You are somewhat resistant to further mutation.


Message History

You are feeling hungry.
The gnoll hits you!
Casting: Freeze
Confirm with . or Enter, or press ? or * to list all spells.
Aiming: Freeze
Press: ? - help, Shift-Dir - straight line, f/p - gnoll
Aim: a gnoll (moderately wounded)
You freeze the gnoll.
The gnoll is severely wounded.
The gnoll hits you!
* * * LOW HITPOINT WARNING * * *
Casting: Freeze
Confirm with . or Enter, or press ? or * to list all spells.
Aiming: Freeze
Press: ? - help, Shift-Dir - straight line, f/p - gnoll
Aim: a gnoll (severely wounded)
You freeze the gnoll.
The gnoll is almost dead.
The gnoll hits you.
You die...

#.#
#..#####.#######.#
#.# #...........##
#.# #.#
#.######.....# #.#
#.# #.# #.##..#
#.# #.# #.#
#.##..###.#
########.# #.#
#.........#
#........# #.#
#.##..###.#
#.######## #g#
#.##..###.# #.#
#@# #...(.##.#.
#.# #.#
#.##.####.. ##.#
#.######.##.# ##.
...# #.......)##.#
#. ####
########....# ###.
# #..### #... #
#..# #.#. # #.>#
#.## # #..# #.#


You could see a gnoll.

Vanquished Creatures
  A worm (D:2)
  2 dart slugs (D:1)
  A giant gecko (D:2)
  An orc (D:3)
  9 bats
  2 giant cockroaches
  5 goblins
  7 hobgoblins
  4 jackals (D:1)
  7 kobolds
  2 giant newts (D:2)
  5 rats
46 creatures vanquished.

Notes
Turn   | Place    | Note
--------------------------------------------------------------
     0 | D:1      | hypermopl the Halfling Ice Elementalist began the quest for the Orb.
     0 | D:1      | Reached XP level 1. HP: 11/11 MP: 3/3
   206 | D:1      | Reached skill level 1 in Fighting
   503 | D:1      | Reached XP level 2. HP: 16/18 MP: 4/4
   983 | D:1      | Reached skill level 1 in Slings
  1108 | D:1      | Reached XP level 3. HP: 24/24 MP: 5/5
  1366 | D:1      | Reached skill level 2 in Slings
  1716 | D:2      | Reached skill level 2 in Fighting
  1760 | D:2      | Reached skill level 3 in Slings
  1830 | D:2      | Reached XP level 4. HP: 29/29 MP: 6/6
  2334 | D:3      | Found a radiant altar of Vehumet.
  2448 | D:3      | Found a glowing silver altar of Zin.
  2448 | D:3      | Found a burning altar of Makhleb.
  2450 | D:3      | Noticed a blizzard demon
  2450 | D:3      | Noticed an angel
  2555 | D:2      | Slain by a gnoll

Vault maps used:
D:1:      scummos_arrival_checkerplants
D:2:      first_bread, st_stairs_13, minmay_unequal
D:3:      grunt_temple_overflow_order_and_chaos_2, fiery_altar_vehumet,
          serial_glass, glass_columns_b, glass_columns_a,
          minmay_misc_feat_plants

Skill      XL: |  1  2  3 |
---------------+----------+-----
Fighting       | 1 2 |  2.2
Slings         | 1 3 |  3.3
Dodging        | |  2.1
Stealth        | |  2.1
Spellcasting   | |  1.5
Conjurations   | |  0.7
Ice Magic      | |  3.0

Action                   |  1- 3 |  4- 6 || total
-------------------------+-------+-------++-------
Melee: Spear             |    19 |       ||    19
 Fire: Hunting sling     |    58 |    17 ||    75
 Cast: Freeze            |    13 |     9 ||    22
  Use: Scroll            |     4 |    10 ||    14
 Stab: Distracted        |     1 |       ||     1
       Sleeping          |     1 |       ||     1
  Eat: Chunk             |     3 |     2 ||     5
Armor: Robe              |     7 |       ||     7
Dodge: Dodged            |    34 |    11 ||    45
